 Dungeon Sprint DCSS version 0.18.1-48-g4cf74bf (webtiles) character file.

1012 Neosonic97 the Nimble (level 8, -7/79 HPs)
             Began as a Grey Draconian Transmuter on Sept 8, 2016.
             Mangled by a centaur warrior (9 damage)
             ... in the Dungeon (Sprint I: "Red Sonja") on Sept 9, 2016.
             The game lasted 00:02:19 (681 turns).

Neosonic97 the Nimble (Grey Draconian Transmuter)    Turns: 681, Time: 00:02:20

Health: -7/79      AC:  2    Str: 14    XL:     8   Next: 1%
Magic:  10/11      EV: 29    Int: 15    God:
Gold:   270        SH:  0    Dex: 16    Spells: 2 memorised, 7 levels left

rFire  . . .     SeeInvis .       - Unarmed
rCold  . . .     Gourm    .     (armour unavailable)
rNeg   . . .     Faith    .     (shield currently unavailable)
rPois  x         Spirit   .     (helmet currently unavailable)
rElec  .         Dismiss  .     (cloak currently unavailable)
rCorr  .         Reflect  .     (gloves currently unavailable)
SustAt .         Harm     .     (boots currently unavailable)
MR     .....     NoTele   +     (no amulet)
Stlth  +.........               (no ring)
                                (no ring)

@: spider-form, not resistant to hostile enchantments, very unstealthy
A: (walk through water), unfitting armour, (unbreathing), (cold-blooded), AC +11
a: End Transformation


You were in the Dungeon.
You were not hungry.
You were a venomous arachnid creature.
You visited 1 branch You collected 270 gold pieces.

Inventory:

Missiles
 a - 12 arrows
Scrolls
 i - a scroll of blinking
Potions
 g - 2 potions of magic
 j - a potion of might
Books
 b - a book of Changes

   Spells                             Type                      Level
   a - Beastly Appendage              Transmutation                1
   b - Sticks to Snakes               Transmutation                2
   c - Spider Form                    Transmutation/Poison         3
   d - Ice Form                       Ice/Transmutation            4
   e - Blade Hands                    Transmutation                5


   Skills:
 * Level 10.0 Fighting
 * Level 10.5 Dodging
 - Level 3.0 Unarmed Combat
 - Level 2.0 Spellcasting
 * Level 9.8 Transmutations
 - Level 1.4 Poison Magic


You had 7 spell levels left.
You knew the following spells:

 Your Spells              Type           Power        Failure   Level  Hunger
a - Beastly Appendage     Trmt           ####..       3%          1    #......
b - Spider Form           Trmt/Pois      ###.......   24%         3    ###....


Dungeon Overview and Level Annotations

Branches:
Dungeon (1/1)

Altars:
Elyvilon
Gozag
Kikubaaqudgha
Makhleb
Nemelex Xobeh
Okawaru
Pakellas
Qazlal
Ru
Sif Muna
Trog
Vehumet
Xom
Yredelemnul
Zin
The Shining One

Shops:
D ?


Innate Abilities, Weirdness & Mutations

((You can walk through water.))
((Your dull iron-grey scales are very hard (AC +11).))
Your body does not fit into most forms of armour.
((You can survive without breathing.))
((You are cold-blooded and may be slowed by cold attacks.))


Message History

The centaur warrior is moderately wounded.
The centaur warrior closely misses you. The centaur warrior misses you.
The centaur warrior completely misses you.
You hit the centaur warrior but do no damage.
The centaur warrior looks even sicker.
The centaur warrior is lightly wounded.
The centaur warrior barely misses you. The centaur warrior misses you.
The centaur warrior completely misses you.
You hit the centaur warrior but do no damage.
The centaur warrior is lightly wounded.
The centaur warrior completely misses you.
The centaur warrior hits you but does no damage.
The centaur warrior hits you.
* * * LOW HITPOINT WARNING * * *
You enter the shallow water.
Moving in this stuff is going to be slow.
The centaur warrior hits you!
* * * LOW HITPOINT WARNING * * *
The centaur warrior hits you!
You die...

##############
.#..)..#..'..#
.').#..').#..+
.#####'#####'# ####
.####..# #[####§§#
.#__#### ##(#§§§c§#
.#_.___##+#..'§§sc§+
⌠#_.∩...'.(.§#§§§§§#
##_..._##_.#+##+####
#_____###(#
#########)## +...+
#...# ##.## #+#


You could see 2 centaur warriors.

Vanquished Creatures
  Sonja (D)
  Sigmund (D)
  A yak (D)
  An ogre (D)
  A jelly (D)
  Ijyb (D)
6 creatures vanquished.

Notes
Turn   | Place    | Note
--------------------------------------------------------------
     0 | D        | Neosonic97 the Draconian Transmuter began the quest for the Orb.
     0 | D        | Reached XP level 1. HP: 16/16 MP: 3/3
     2 | D        | Noticed Ijyb
    18 | D        | Killed Ijyb
    18 | D        | Reached XP level 2. HP: 19/26 MP: 5/5
    26 | D        | Noticed an ogre
    29 | D        | Killed an ogre
    29 | D        | Reached skill level 5 in Fighting
    29 | D        | Reached skill level 5 in Dodging
    29 | D        | Reached skill level 5 in Transmutations
    29 | D        | Reached XP level 3. HP: 36/36 MP: 6/6
    29 | D        | Reached XP level 4. HP: 42/42 MP: 7/7
    65 | D        | Learned a level 3 spell: Spider Form
    68 | D        | Noticed Sigmund
    76 | D        | Killed Sigmund
    76 | D        | Reached XP level 5. HP: 44/53 MP: 4/8
    76 | D        | Reached XP level 6. HP: 50/61 MP: 4/9
   101 | D        | Found a deep blue altar of Sif Muna.
   103 | D        | Found a radiant altar of Vehumet.
   233 | D        | Found Sutzeac's Magic Scroll Emporium.
   233 | D        | Found a white marble altar of Elyvilon.
   233 | D        | Found a stormy altar of Qazlal.
   233 | D        | Found a burning altar of Makhleb.
   233 | D        | Found a sacrificial altar of Ru.
   233 | D        | Found an oddly glowing altar of Pakellas.
   233 | D        | Found a basalt altar of Yredelemnul.
   233 | D        | Found a glowing golden altar of the Shining One.
   233 | D        | Found a sparkling altar of Nemelex Xobeh.
   233 | D        | Found a shimmering altar of Xom.
   233 | D        | Found an opulent altar of Gozag.
   233 | D        | Found an ancient bone altar of Kikubaaqudgha.
   233 | D        | Found a glowing silver altar of Zin.
   233 | D        | Noticed a yak
   247 | D        | Killed a yak
   247 | D        | Reached skill level 1 in Poison Magic
   248 | D        | Found an iron altar of Okawaru.
   251 | D        | Found a bloodstained altar of Trog.
   379 | D        | Noticed Sonja
   391 | D        | Killed Sonja
   391 | D        | Reached skill level 10 in Fighting
   391 | D        | Reached skill level 10 in Dodging
   391 | D        | Your scales start taking on a dull iron-grey colour.
   391 | D        | Reached XP level 7. HP: 19/72 MP: 7/10
   391 | D        | Gained mutation: You can survive without breathing. [Grey Draconian growth]
   391 | D        | Reached XP level 8. HP: 21/79 MP: 7/11
   667 | D        | Noticed a centaur warrior
   667 | D        | Noticed a centaur warrior
   681 | D        | HP: 2/79 [centaur warrior (8)]
   681 | D        | Mangled by a centaur warrior

Skill      XL: |  1  2  3  4  5  6 |
---------------+-------------------+-----
Fighting       | 3 5 7 10 | 10.0
Dodging        | 3 5 7 10 | 10.5
Transmutations | 3 5 7 9 |  9.8
Poison Magic   | 1 |  1.4
Unarmed Combat | |  3.0
Spellcasting   | |  2.0

Action                   |  1- 3 |  4- 6 |  7- 9 || total
-------------------------+-------+-------+-------++-------
Melee: Unarmed           |    16 |    27 |    10 ||    53
       Tailslap          |     2 |       |       ||     2
 Cast: Spider Form       |       |     4 |     1 ||     5
  Use: Potion            |     1 |     3 |       ||     4
  Eat: Bread ration      |       |       |     1 ||     1
Armor: Skin              |     3 |     4 |     3 ||    10
Dodge: Dodged            |     7 |    55 |    23 ||    85
